 Dungeon Crawl Stone Soup version 0.24.0-125-gc4c63601f3 (webtiles) character file.

Game seed: 18213932406528432878, levelgen mode: deterministic

1089 straycat the Sneak (level 8, -3/58 HPs)
             Began as a Vampire Gladiator on Mar 11, 2020.
             Was a Believer of Hepliaklqana.
             Killed from afar by an electric eel (15 damage)
             ... with a bolt of electricity
             ... on level 6 of the Dungeon on Mar 12, 2020.
             The game lasted 00:30:22 (4965 turns).

straycat the Sneak (Vampire Gladiator)              Turns: 4965, Time: 00:30:24

Health: -3/58      AC: 13    Str: 15    XL:     8   Next: 9%
Magic:  8/8        EV: 10    Int: 10    God:    Hepliaklqana [**....]
Gold:   252        SH:  0    Dex: 16    Spells: 7/7 levels left

rFire    + + .     SeeInvis +   o - +0 long sword
rCold    x . .     Gourm    .   (no shield)
rNeg     + . .     Faith    .   j - +0 fire dragon scales
rPois    .         Spirit   .   b - +0 helmet
rElec    .         Reflect  .   (no cloak)
rCorr    .         Harm     .   h - +1 pair of gloves
MR       .....                  f - +1 pair of boots
Stlth    ++........             (no amulet)
HPRegen  0.39/turn              p - ring of positive energy
MPRegen  0.11/turn              (no ring)

@: regenerating quickly
A: no food, reduced essence, fangs 3, see invisible, unbreathing
a: Exsanguinate, Recall Ancestor, Ancestor Identity, Renounce Religion


You were on level 6 of the Dungeon.
You worshipped Hepliaklqana.
Hepliaklqana was pleased with you.
You were alive.

You visited 1 branch of the dungeon, and saw 6 of its levels.

You collected 252 gold pieces.

Inventory:

Hand Weapons
 o - a +0 long sword (weapon)
 t - a +2 hand axe of chopping
 C - a +2 dagger of venom
 E - a +0 dagger of flaming
 G - a +0 rapier
 H - a +0 shortbow
Missiles
 c - 2 throwing nets
 n - 76 arrows
 q - 7 boomerangs
 v - 59 bolts
 y - 4 boomerangs of dispersal (quivered)
Armour
 a - a +0 leather armour
 b - a +0 helmet (worn)
 f - a +1 pair of boots (worn)
 h - a +1 pair of gloves (worn)
 j - +0 fire dragon scales (worn)
Jewellery
 p - a ring of positive energy (left hand)
Wands
 F - a wand of random effects (13)
Scrolls
 d - 4 scrolls of teleportation
 e - a scroll of immolation
 i - a scroll of enchant armour {unknown}
 l - 2 scrolls of remove curse
 r - 2 scrolls of amnesia {unknown}
 w - a scroll of enchant weapon {unknown}
 x - 3 scrolls of blinking {unknown}
 z - a scroll of identify {unknown}
 B - a scroll of magic mapping {unknown}
 D - a scroll of fear {unknown}
Potions
 g - a potion of invisibility {unknown}
 k - 2 potions of agility {unknown}
 m - a potion of mutation {unknown}
 s - a potion of magic {unknown}
 u - a potion of cancellation {unknown}
 A - a potion of degeneration {unknown}
 I - 2 potions of lignification {unknown}
 J - 2 potions of heal wounds {unknown}
 K - 2 potions of might {unknown}


   Skills:
 * Level 6.6 Fighting
 + Level 3.6(3.7) Short Blades
 - Level 1.0(2.3) Long Blades
 - Level 1.0 Axes
 - Level 1.5 Throwing
 - Level 1.1 Armour
 - Level 3.2 Dodging
 + Level 7.0 Stealth
 - Level 3.2 Unarmed Combat


You had 7 spell levels left.
You didn't know any spells.
Your spell library contained the following spells:

 Spells                   Type           Power        Failure   Level  Hunger
 Beastly Appendage        Tmut           #.....       90%         1    N/A
 Sticks to Snakes         Tmut           #.......     97%         2    N/A
 Spider Form              Tmut/Pois      #.........   99%         3    N/A
 Ice Form                 Ice/Tmut       #.......     100%        4    N/A
 Blade Hands              Tmut           #.........   100%        5    N/A

Dungeon Overview and Level Annotations

Branches:
Dungeon (6/15)             Temple (0/1) D:4

Altars:
Dithmenos
Fedhas
Hepliaklqana
Okawaru
Trog
Wu Jian
Xom

Shops:
D:4 [


Innate Abilities, Weirdness & Mutations

You do not eat.
Your natural rate of healing is unusually fast.
You have razor-sharp teeth.
You have supernaturally acute eyesight. (SInv)
You can survive without breathing.
Your life essence is reduced to manifest your ancestor. (-10% HP)


Message History

You are unaffected.
Seras casts a spell at the electric eel.
The orc priest appears confused.
The electric eel shoots out a bolt of lightning at you!
The bolt of electricity hits you!
* * * LOW HITPOINT WARNING * * *
Okay, then.
The electric eel shoots out a bolt of lightning at you!
The bolt of electricity hits you.
* * * LOW HITPOINT WARNING * * *
Throwing (i - inventory. (/) - cycle)
y - 5 boomerangs of dispersal (quivered)
Press: ? - help, Shift-Dir - straight line, f - electric eel
Aim: an electric eel You throw a boomerang of dispersal.
The boomerang of dispersal barely misses the orc priest.
The boomerang of dispersal barely misses the electric eel.
The electric eel shoots out a bolt of lightning at you!
The bolt of electricity hits the orc priest!
The bolt of electricity hits Seras!
The bolt of electricity hits you!
You die...

.P≈..≈≈.P.;;≈P≈≈
...≈≈≈;.....≈≈≈≈
....o.o....... .
+............#
#..)R........#
#....o.......##
#.............!
#..............
#....@........ .
##+##..?.......... ..####
.........._†.#########....
..............).†....#....
..............))#....+....
...........##..###...#....
#+####......######...#####
#......+.............
#......#.............


You could see the friendly Seras the hexer, an electric eel, 2 orc priests and
an orc.

Vanquished Creatures
  An ice beast (D:5)
  A centaur (D:5)
  A scorpion (D:4)
  A howler monkey (D:4)
  A crimson imp (D:5)
  A centaur zombie (D:5)
  A hound (D:4)
  An orc priest (D:4)
  7 orc wizards
  An iguana (D:5)
  2 worker ants
  7 adders
  2 gnolls (D:3)
  A river rat (D:5)
  2 worms (D:2)
  2 dart slugs
  2 leopard geckos
  12 orcs
  7 bats
  2 giant cockroaches
  5 goblins
  10 hobgoblins
  8 jackals
  3 quokkas
  A ball python (D:3)
  6 frilled lizards
  5 kobolds
  2 quokka skeletons (D:4)
  8 rats
103 creatures vanquished.

Vanquished Creatures (collateral kills)
  A howler monkey (D:4)
  A gnoll shaman (D:6)
  An orc priest (D:4)
  A bullfrog skeleton (D:4)
  An orc wizard (D:4)
  A worker ant (D:5)
  5 gnolls
  3 adders
  A river rat (D:5)
  8 orcs
  A bat (D:3)
  5 jackals
  A giant cockroach zombie (D:5)
30 creatures vanquished.

Vanquished Creatures (others)
  2 ancestors
2 creatures vanquished.

Grand Total: 135 creatures vanquished

Notes
Turn   | Place    | Note
-------+----------+-------------------------------------------
     0 | D:1      | straycat the Vampire Gladiator began the quest for the Orb.
     0 | D:1      | Reached XP level 1. HP: 16/16 MP: 1/1
   159 | D:1      | Reached XP level 2. HP: 23/23 MP: 2/2
   995 | D:2      | Reached XP level 3. HP: 29/29 MP: 3/3
  1107 | D:2      | Reached skill level 1 in Stealth
  1518 | D:2      | Found a hazy altar of Hepliaklqana.
  1519 | D:2      | Found a shimmering altar of Xom.
  1519 | D:2      | Noticed a tyrant leech
  1520 | D:2      | Noticed a spectral ugly thing
  1520 | D:2      | Noticed a tyrant leech
  1523 | D:2      | Became a worshipper of Hepliaklqana the Forgotten
  1638 | D:2      | Reached XP level 4. HP: 29/31 MP: 4/4
  2027 | D:3      | Reached skill level 2 in Stealth
  2130 | D:3      | Reached skill level 1 in Axes
  2386 | D:3      | Found a shimmering altar of Xom.
  2623 | D:3      | Reached XP level 5. HP: 34/37 MP: 5/5
  2783 | D:3      | Reached * piety under Hepliaklqana
  2934 | D:4      | Reached skill level 1 in Long Blades
  3091 | D:4      | Found a staircase to the Ecumenical Temple.
  3095 | D:4      | Reached skill level 3 in Stealth
  3374 | D:4      | Reached skill level 1 in Armour
  3374 | D:4      | Reached XP level 6. HP: 38/44 MP: 6/6
  3481 | D:4      | Reached skill level 4 in Stealth
  3498 | D:4      | Reached skill level 5 in Fighting
  3498 | D:4      | Reached skill level 1 in Short Blades
  3625 | D:4      | Reached skill level 5 in Stealth
  3625 | D:4      | Reached XP level 7. HP: 47/50 MP: 7/7
  3653 | D:4      | Found Menaytt's Antique Armour Boutique.
  3874 | D:4      | Found a bloodstained altar of Trog.
  3884 | D:4      | Found a shadowy altar of Dithmenos.
  3890 | D:4      | Found an iron altar of Okawaru.
  3933 | D:5      | Entered Level 5 of the Dungeon
  4076 | D:5      | Reached skill level 6 in Stealth
  4284 | D:5      | Found a glowing drain.
  4393 | D:5      | Found an ornate altar of the Wu Jian Council.
  4630 | D:5      | Reached ** piety under Hepliaklqana
  4631 | D:5      | Remembered your ancestor Seras as a hexer
  4701 | D:5      | Reached XP level 8. HP: 56/58 MP: 8/8
  4914 | D:6      | Found a blossoming altar of Fedhas.
  4960 | D:6      | Reached skill level 7 in Stealth
  4965 | D:6      | Killed from afar by an electric eel

Levels and vault maps discovered:
D:1:      onia_arrival_mini_spirals, layout_basic
D:2:      layout_basic, regret_index_temple_of_mockery
D:3:      layout_basic, first_ration, xom_teletrap_fun
D:4:      layout_loops_cross, minitemple, minmay_temple_entry_sparse_star,
          serial_shops, shop
D:5:      layout_basic, kennysheep_mini, portal_sewer_entry_b,
          hangedman_decor_riveting
D:6:      layout_gridville, basic_altar, serial_shops, nicolae_shop_stone,
          grunt_ministairs_2, nicolae_elemental_shop, chequers_big_river,
          grunt_dithmenos_smoke_and_mirrors

Skill      XL: |  1  2  3  4  5  6  7  8 |
---------------+-------------------------+-----
Fighting       | 2 3 4 5 6 |  6.6
Stealth        | 1 2 3 5 6 7 |  7.0
Axes           | 1 |  1.0
Long Blades    | 1 |  1.0
Armour         | 1 |  1.1
Short Blades   | 1 3 |  3.6
Throwing       | |  1.5
Dodging        | |  3.2
Unarmed Combat | |  3.2

Action                   |  1- 3 |  4- 6 |  7- 9 || total
-------------------------+-------+-------+-------++-------
Melee: Unarmed           |    70 |       |       ||    70
       Bite              |    14 |    20 |    22 ||    56
       Punch             |     3 |     2 |     2 ||     7
       Hand axe          |    80 |    31 |     8 ||   119
       Long sword        |       |   131 |   120 ||   251
       Dagger            |       |       |    29 ||    29
Throw: Throwing net      |     1 |     1 |       ||     2
       Boomerang         |       |     3 |     1 ||     4
Invok: Ancestor Identity |     1 |       |       ||     1
       Recall Ancestor   |       |     1 |       ||     1
       Ancestor Life: He |       |       |     1 ||     1
  Use: Scroll            |       |     2 |     1 ||     3
 Stab: Sleeping          |       |     2 |       ||     2
       Distracted        |       |     1 |       ||     1
Armor: Leather armour    |    48 |    32 |       ||    80
       Fire dragon scale |       |    60 |    98 ||   158
Dodge: Dodged            |   120 |   140 |    87 ||   347
       Rpst.: Long sword |       |    34 |    22 ||    56
